 Dungeon Crawl Stone Soup version 0.32-a0-558-g233958a (webtiles) character file.

Game seed: 12179430364053845269

163 sdynet the Trooper (level 5, 0/43 HPs)
             Began as a Demonspawn Monk on Feb 29, 2024.
             Slain by Pikel
             ... wielding a +1 whip of flaming
              (1 damage)
             ... on level 6 of the Dungeon.
             The game lasted 00:07:01 (2244 turns).

sdynet the Trooper (Demonspawn Monk)                Turns: 2244, Time: 00:07:01

Health: 0/43       AC:  6    Str: 13    XL:     5   Next: 20%
Magic:  5/5        EV: 16    Int: 11    God:
Gold:   110        SH:  0    Dex: 15    Spells: 4/4 levels left

rFire   . .          .
                       - Unarmed
rCold   . . .        c - orb {light}
rNeg    . . .        h - +1 ring mail
rPois   .            (helmet currently unavailable)
rElec   .            l - melded +1 cloak
rCorr   .            (gloves currently unavailable)
SInv    .            (boots currently unavailable)
Will    .....        (no amulet)
Stlth   +            o - +5 ring of evasion
HPRegen 0.27/turn    (no ring)
MPRegen 0.18/turn

%: no passive effects
@: mighty, about to teleport, beast-form, glowing
A: beast (slay +0), horns 1, powered by pain 1, magic regeneration
a: Begin Untransformation


You were on level 6 of the Dungeon.
You were a hulking beast.
You visited 1 branch of the dungeon, and saw 4 of its levels.

You collected 180 gold pieces.
You spent 70 gold pieces at shops.

Inventory:

Armour
 c - an orb of light (worn)
 h - a +1 ring mail (worn)
 l - a +1 cloak (melded)
Jewellery
 o - a +5 ring of evasion (left hand)
Talismans
 p - a beast talisman (active)
Scrolls
 d - 2 scrolls of teleportation {!r}
 e - a scroll of silence {!r}
Potions
 m - a potion of enlightenment {!q!q}


   Skills:
 + Level 4.7 Fighting
 - Level 1.0 Throwing
 - Level 2.6 Dodging
 + Level 4.0 Unarmed Combat
 + Level 0.0 Shapeshifting


You had 4 spell levels left.
You didn't know any spells.
Your spell library was empty.

Dungeon Overview and Level Annotations

Branches:
Dungeon (3/15)             Temple (0/1) D:6

Altars:

Shops:
D:1 ?

Annotations:
D:6 Pikel


Innate Abilities, Weirdness & Mutations

You are a hulking beast.
Your limbs bulge with bestial killing power. (Slay +0)
You have a pair of small horns on your head.
You sometimes gain a little power by taking damage.
You regenerate magic rapidly.


Message History

Pikel burns you.
You bump into the rock wall.
You recover from your berserk rage.
Pikel closely misses you.
You bump into the rock wall.
Pikel hits you with a +1 whip of flaming!
Pikel burns you.
You bump into the rock wall.
You feel less invigorated.
You feel less confused. Pikel closely misses you.
You barely miss Pikel. You headbutt Pikel, but do no damage.
You hit Pikel but do no damage.
Pikel hits you with a +1 whip of flaming!
You focus on the pain.
You feel very mighty all of a sudden. Pikel burns you.
You hit Pikel. You headbutt Pikel!
Pikel is moderately wounded.
Pikel hits you with a +1 whip of flaming.
* * * LOW HITPOINT WARNING * * *
Pikel burns you.
* * * LOW HITPOINT WARNING * * *
Press: ? - help, v - describe, . - travel
Here: Pikel, wielding a +1 whip of flaming and wearing a +2 robe of willpower (moderately wounded, haloed)
The floor.
As you read the scroll of enchant armour, it crumbles to dust.
Your +0 ring mail glows green for a moment.
Pikel says, "You'll feel the lick of my whip!"
Pikel hits you with a +1 whip of flaming.
* * * LOW HITPOINT WARNING * * *
Pikel burns you.
* * * LOW HITPOINT WARNING * * *
As you read the scroll of teleportation {!r}, it crumbles to dust.
You feel strangely unstable.
The hound barks!
Pikel hits you with a +1 whip of flaming.
* * * LOW HITPOINT WARNING * * *
Pikel burns you.
You die...
Pikel says, "See you in Hell!"

*##########
,.........####
*########....## ###
#########.....# ##.##
.....†........#####...##
[###.####..............#
,* #^# #....######...##
,* #.# #........###.##
,* #.# ########h# #.# ,*
#.####### #K# #.# ,*
#.......# #h###.# ,*
#######.# #...K.# ,*
#.....#.# #####.#
,###.....#.# #.#
*..........# #.#
,##......### ##.#
**#......#### #..#


You could see Pikel and a hound.

Vanquished Creatures
  3 lemures (D:6)
  A bullfrog (D:6)
  An iguana (D:3)
  2 adders
  A dart slug (D:1)
  A ribbon worm (D:2)
  An orc (D:3)
  3 endoplasms
  2 giant cockroaches (D:1)
  2 goblins (D:1)
  3 hobgoblins
  10 jackals
  6 kobolds (D:1)
  3 quokkas
  A ball python (D:3)
  7 bats
  2 frilled lizards
  4 rats (D:1)
53 creatures vanquished.

Notes
Turn   | Place    | Note
-------+----------+-------------------------------------------
     0 | D:1      | sdynet the Demonspawn Monk began the quest for the Orb.
     0 | D:1      | Reached XP level 1. HP: 18/18 MP: 1/1
   182 | D:1      | Gained mutation: You have a pair of small horns on your
                  | head. [demonic ancestry]
   182 | D:1      | Reached XP level 2. HP: 24/24 MP: 2/2
   414 | D:1      | Found Xituiv's Magic Scroll Shoppe.
   420 | D:1      | Gained mutation: You sometimes gain a little power by
                  | taking damage. [demonic ancestry]
   420 | D:1      | Reached XP level 3. HP: 30/30 MP: 3/3
  1449 | D:1      | Bought a scroll of identify for 28 gold pieces
  1449 | D:1      | Bought a scroll of teleportation for 42 gold pieces
  1640 | D:3      | Reached XP level 4. HP: 31/38 MP: 4/4
  2035 | D:3      | You fall into a shaft and drop 3 floors!
  2063 | D:6      | Noticed a bullfrog
  2076 | D:6      | Killed a bullfrog
  2077 | D:6      | Reached skill level 1 in Throwing
  2077 | D:6      | Gained mutation: You regenerate magic rapidly. [demonic
                  | ancestry]
  2077 | D:6      | Reached XP level 5. HP: 34/43 MP: 5/5
  2175 | D:6      | Noticed a lemure
  2175 | D:6      | Noticed Pikel
  2175 | D:6      | Noticed a lemure
  2176 | D:6      | Noticed a lemure
  2181 | D:6      | Killed a lemure
  2198 | D:6      | Killed a lemure
  2198 | D:6      | Killed a lemure
  2244 | D:6      | HP: 1/43 [Pikel/+1 whip of flaming (3)]
  2244 | D:6      | Slain by Pikel

Illustrated notes

Levels and vault maps discovered:
D:1:      saegor_arrival_simple_e, layout_basic, serial_shops,
          nicolae_shop_trees
D:2:      layout_loops_cross
D:3:      layout_basic
D:6:      layout_loops_ring, amethyst_overflow_temple_binary,
          nicolae_overflow_hidden_temple, temple_fountains,
          nicolae_wooded_promenade, uniq_pikel

Skill      XL: |  1  2  3  4 |
---------------+-------------+-----
Unarmed Combat | 3 4 |  4.0
Fighting       | 4 |  4.7
Throwing       | 1 |  1.0
Dodging        | |  2.6

Action                     |  1- 3 |  4- 6 || total
---------------------------+-------+-------++-------
  Melee: Unarmed           |   114 |    24 ||   138
         Headbutt          |    24 |     7 ||    31
  Throw: Dart              |       |    10 ||    10
    Use: Scroll            |     4 |     6 ||    10
         Potion            |       |     3 ||     3
 Armour: Robe              |    24 |       ||    24
         Skin              |     8 |       ||     8
         Ring mail         |    26 |    15 ||    41
  Dodge: Dodged            |    74 |    20 ||    94
   Form: Beast             |       |     1 ||     1

Table legend: (Time is in decaauts)
 A = Elapsed time spent in this place.
 B = Non-inter-level travel time spent in this place.
 C = Inter-level travel time spent in this place.
 D = Time resting spent in this place.
 E = Time spent auto-exploring this place.
 F = Levels seen in this place.
 G = Mean time per level.
                   A        B        C        D        E       F      G
               +--------+--------+--------+--------+--------+-----+--------+
         Total |   2233 |   1998 |    235 |      0 |   1562 |   4 |  558.2 |
       Dungeon |   2233 |   1998 |    235 |      0 |   1562 |   4 |  558.2 |
               +--------+--------+--------+--------+--------+-----+--------+

Top non-repeatable levels by time:
     D:1: 887 daAuts
     D:2: 661 daAuts
     D:3: 481 daAuts
     D:6: 204 daAuts
